 Dungeon Crawl Stone Soup version 0.20.1-1-g8b1a95d (webtiles) character file.

174 veneficus the Poker (level 5, -1/38 HPs)
             Began as a Merfolk Skald on Nov 5, 2017.
             Slain by a bullfrog (3 damage)
             ... in a sewer.
             The game lasted 00:06:43 (3770 turns).

veneficus the Poker (Merfolk Skald)                 Turns: 3770, Time: 00:06:44

Health: -1/38      AC:  3    Str: 11    XL:     5   Next: 54%
Magic:  4/8        EV: 15    Int: 13    God:
Gold:   131        SH:  0    Dex: 14    Spells: 2/8 levels left

rFire    . . .     SeeInvis .   r - +0 trident
rCold    . . .     Gourm    .   (no shield)
rNeg     . . .     Faith    .   b - +0 leather armour
rPois    .         Spirit   .   (no helmet)
rElec    .         Reflect  .   (no cloak)
rCorr    +         Harm     .   (no gloves)
MR       .....                  (boots currently unavailable)
Stlth    ++........             (no amulet)
Regen    0.2/turn               m - ring of resist corrosion
MPRegen  0.2/turn               (no ring)

@: infused, very quick
A: change form in water, swift swim, stealthy swim
a: no special abilities


You were in a sewer.
You were hungry.

You visited 1 branch of the dungeon, and saw 3 of its levels.
You also visited: Sewer.

You collected 131 gold pieces.

Inventory:

Hand Weapons
 r - a +0 trident (weapon)
Armour
 b - a +0 leather armour (worn)
Jewellery
 m - a ring of resist corrosion (left hand)
Scrolls
 f - 2 scrolls of amnesia {unknown}
 g - a scroll of blinking {unknown}
 h - 5 scrolls of teleportation {unknown}
 i - 4 scrolls of identify {unknown}
 k - 3 scrolls of remove curse {unknown}
 p - a scroll of magic mapping {unknown}
Potions
 e - a potion of cancellation {unknown}
 o - a potion of mutation {unknown}
 q - a potion of lignification {unknown}
Books
 c - a book of Battle

   Spells                             Type                      Level
   a - Infusion                       Charms                       1
   b - Shroud of Golubria             Charms/Translocation         2
   c - Song of Slaying                Charms                       2
   d - Spectral Weapon                Hexes/Charms                 3
   e - Regeneration                   Charms/Necromancy            3
Comestibles
 a - 11 chunks of flesh
 d - a bread ration
 j - 2 meat rations


   Skills:
 - Level 2.1 Fighting
 * Level 6.9 Polearms
 - Level 0.6 Armour
 - Level 2.6 Dodging
 - Level 2.0 Spellcasting
 + Level 4.5 Charms


You had 2 spell levels left.
You knew the following spells:

 Your Spells              Type           Power        Failure   Level  Hunger
a - Infusion              Chrm           ##..         4%          1    ##.....
b - Shroud of Golubria    Chrm/Tloc      #.........   21%         2    ###....
c - Regeneration          Chrm/Necr      #.........   36%         3    ####...


Dungeon Overview and Level Annotations

Branches:
Dungeon (3/15)

Altars:
Hepliaklqana
Kikubaaqudgha
Sif Muna
The Shining One


Message History

You feel better. The bullfrog hits you.
The bullfrog hits you but does no damage. x2
You regained 4 hp, and now have 13/38 hp.
Space distorts slightly along a thin shroud covering your body.
You are feeling hungry.
The bullfrog hits you.
* * * LOW HITPOINT WARNING * * *
The bullfrog barely misses you.
Your shroud bends the bullfrog's attack away.
You take 4 damage, and have 9/38 hp.
You now have 5/8 mp.
Your legs become a tail as you enter the water.
You hit the bullfrog. The bullfrog hits you.
* * * LOW HITPOINT WARNING * * *
Your shroud falls apart!
The bullfrog hits you.
* * * LOW HITPOINT WARNING * * *
The bullfrog closely misses you.
You take 7 damage, and have 2/38 hp.
You now have 4/8 mp.
The bullfrog hits you.
You die...

≈≈.≈≈≈=≈≈≈≈≈≈≈≈# #≈≈≈≈.#
≈.≈≈.≈≈≈≈≈≈≈≈≈≈# #.≈≈≈.#
≈≈≈≈.≈≈≈≈≈≈≈≈≈## #.≈≈≈.#
≈≈≈≈≈≈≈≈≈≈≈≈≈≈# #.≈≈≈.#
≈≈≈≈≈≈≈≈≈≈≈≈#######.≈≈≈≈#
≈≈≈≈≈≈≈≈....÷.....≈≈≈≈≈.#
≈≈≈≈≈≈≈≈≈≈≈≈≈≈≈≈≈≈≈≈≈≈≈.#
≈≈≈≈≈≈≈≈≈≈≈≈≈≈≈F≈≈≈≈≈≈≈.#
≈≈≈≈≈≈≈≈≈≈≈≈≈≈≈F@≈≈≈≈≈≈≈#
................≈≈≈≈≈≈≈.#
###################.≈≈≈≈#
########≈≈≈≈≈#
########.≈≈≈≈≈≈≈≈≈≈.#
#.∩.∩....≈÷≈≈≈≈≈≈≈≈≈≈≈≈
########.≈..≈≈..≈≈≈.###
########.....# #######


You could see 2 bullfrogs.

Vanquished Creatures
  Natasha (D:2)
  7 adders
  An ooze (D:2)
  2 worms
  11 leopard geckos
  2 ball pythons (Sewer)
  6 bats
  6 giant cockroaches
  3 goblins
  6 hobgoblins
  3 jackals (D:1)
  4 kobolds (D:1)
  2 quokkas
  8 frilled lizards
  6 rats
68 creatures vanquished.

Notes
Turn   | Place    | Note
-------+----------+-------------------------------------------
     0 | D:1      | veneficus the Merfolk Skald began the quest for the Orb.
     0 | D:1      | Reached XP level 1. HP: 16/16 MP: 3/3
   246 | D:1      | Reached XP level 2. HP: 20/22 MP: 5/5
   269 | D:1      | Reached skill level 4 in Polearms
   831 | D:1      | Reached XP level 3. HP: 22/27 MP: 3/6
  1258 | D:2      | Reached skill level 5 in Polearms
  1466 | D:2      | Noticed Natasha
  1476 | D:2      | Killed Natasha
  1476 | D:2      | Reached XP level 4. HP: 33/33 MP: 2/7
  1480 | D:2      | Learned a level 2 spell: Shroud of Golubria
  1484 | D:2      | Learned a level 3 spell: Regeneration
  1837 | D:2      | Found a hazy altar of Hepliaklqana.
  2161 | D:2      | Found a faded altar of an unknown god.
  2168 | D:2      | Reached skill level 6 in Polearms
  2211 | D:2      | Found a deep blue altar of Sif Muna.
  2446 | D:2      | Reached XP level 5. HP: 24/38 MP: 8/8
  2926 | D:2      | Found a glowing golden altar of the Shining One.
  3101 | D:3      | Found an ancient bone altar of Kikubaaqudgha.
  3270 | D:3      | Found a glowing drain.
  3357 | Sewer    | Entered a sewer
  3770 | Sewer    | Slain by a bullfrog

Skill      XL: |  1  2  3  4 |
---------------+-------------+-----
Polearms       | 4 5 6 |  6.9
Charms         | 4 |  4.5
Fighting       | |  2.1
Armour         | |  0.6
Dodging        | |  2.6
Spellcasting   | |  2.0

Action                   |  1- 3 |  4- 6 || total
-------------------------+-------+-------++-------
Melee: Spear             |   116 |    90 ||   206
       Trident           |       |    73 ||    73
       Tailslap          |       |     5 ||     5
 Cast: Infusion          |     6 |     6 ||    12
       Shroud of Golubri |       |     2 ||     2
  Use: Potion            |       |     2 ||     2
 Stab: Sleeping          |     2 |     1 ||     3
  Eat: Chunk             |     2 |     5 ||     7
       Royal jelly       |       |     1 ||     1
Armor: Leather armour    |    15 |    28 ||    43
Dodge: Dodged            |    73 |    85 ||   158
